 Dungeon Crawl Stone Soup version 0.31-a0-185-g9dded2c639 (webtiles) character file.

Game seed: 1724571680410578408

258 qw the Skirmisher (level 5, -3/29 HPs)
             Began as a Deep Elf Hunter on June 22, 2023.
             Killed by nerve-wracking pain
             ... invoked by Grinder
              (4 damage)
             ... on level 3 of the Dungeon.
             The game lasted 00:00:58 (2239 turns).

qw the Skirmisher (Deep Elf Hunter)                 Turns: 2239, Time: 00:00:58

Health: -3/29      AC:  5    Str: 10    XL:     5   Next: 94%
Magic:  7/7        EV: 11    Int: 14    God:
Gold:   91         SH:  0    Dex: 18    Spells: 4/4 levels left

rFire   . . .        Y - +1 shortbow
rCold   . . .        (shield currently unavailable)
rNeg    . . .        e - +0 ring mail
rPois   .            (no helmet)
rElec   .            (no cloak)
rCorr   .            (no gloves)
SInv    .            (no boots)
Will    .....        (no amulet)
Stlth   +            (no ring)
HPRegen 0.24/turn    (no ring)
MPRegen 0.10/turn

%: no passive effects
@: no status effects
A: no striking features
a: no special abilities


You were on level 3 of the Dungeon.
You visited 1 branch of the dungeon, and saw 3 of its levels.

You collected 91 gold pieces.


   Skills:
 + Level 1.5 Fighting
 - Level 9.5 Ranged Weapons
 - Level 2.4 Dodging
 - Level 1.2 Stealth


You had 4 spell levels left.
You didn't know any spells.
Your spell library was empty.

Inventory:

Hand Weapons
 Y - a +1 shortbow (weapon)
Armour
 d - a +0 troll leather armour {Pargi}
 e - a +0 ring mail (worn)
Scrolls
 a - a scroll of identify
 b - 2 scrolls of blinking {unknown}
Potions
 c - a potion of heal wounds {unknown}
 f - 2 potions of curing {unknown}
 h - a potion of invisibility {unknown}

Dungeon Overview and Level Annotations

Branches:
Dungeon (3/15)

Altars:
Uskayaw

Annotations:
D:3 Grinder


Message History

Grinder comes into view.
Grinder shouts!
You hear a shout!
Enter note:
Enter note:
Enter note:
Enter note:
Enter note:
Enter note: You shoot an arrow.
The arrow hits Grinder!
Grinder is moderately wounded.
Grinder gestures at you.
You suddenly lose the ability to move!
Grinder says, "Mostly I couldn't keep them alive."
Grinder gestures at you. You resist with significant effort.
A hobgoblin comes into view.
You can move again.
You shoot an arrow. The arrow hits Grinder.
Grinder is moderately wounded.
Grinder hits you.
You writhe in agony.
You shoot an arrow. The arrow hits Grinder.
Grinder is heavily wounded.
Grinder gestures at you. Pain shoots through your body!
You shoot an arrow. The arrow hits Grinder.
Grinder is heavily wounded.
Grinder misses you.
You shoot an arrow. The arrow hits Grinder!
Grinder is severely wounded.
Grinder barely misses you.
You shoot an arrow. The arrow hits Grinder.
Grinder is severely wounded.
Grinder hits you.
You shoot an arrow. The arrow hits Grinder.
Grinder is almost dead.
Grinder hits you.
You writhe in agony.
You shoot an arrow. The arrow completely misses Grinder.
Grinder gestures at you. Pain shoots through your body!
You die...

#.#.. #.#.# .........
#.#.####..........
#######.................
..[.....................
#########.#######.......
#.# .......
#.#######5......
#.......@g......
################


You could see Grinder and a hobgoblin.

Vanquished Creatures
  Pargi (D:3)
  A hound (D:2)
  A gnoll (D:1)
  5 adders
  2 worms (D:2)
  A dart slug (D:1)
  An orc (D:3)
  5 bats
  4 endoplasms
  4 giant cockroaches
  6 goblins
  8 hobgoblins
  7 jackals (D:1)
  3 kobolds
  4 quokkas
  8 ball pythons
  3 frilled lizards
  3 rats
67 creatures vanquished.

Notes
Turn   | Place    | Note
-------+----------+-------------------------------------------
     0 | D:1      | qw the Deep Elf Hunter began the quest for the Orb.
     0 | D:1      | Reached XP level 1. HP: 12/12 MP: 3/3
     0 | D:1      | 0 ||| qw: Version: 0.3-a-9-g12657ce
     0 | D:1      | 0 ||| qw: Game counter: 1728
     0 | D:1      | 0 ||| qw: Always use a shield: true
     0 | D:1      | 0 ||| qw: God list: Okawaru
     0 | D:1      | 0 ||| qw: Allow faded altars: false
     0 | D:1      | 0 ||| qw: Do Orc after D:15 true
     0 | D:1      | 0 ||| qw: Do second Lair branch before Depths: true
     0 | D:1      | 0 ||| qw: Lair rune preference: random
     0 | D:1      | 0 ||| qw: Plans: Normal
     0 | D:1      | 0 ||| PLANNING D:1-11
   123 | D:1      | 123 ||| FLEEEEING.
   124 | D:1      | 124 ||| FLEEEEING.
   125 | D:1      | 125 ||| FLEEEEING.
   134 | D:1      | HP: 3/12 [gnoll/+0 whip (3)]
   136 | D:1      | Reached skill level 6 in Ranged Weapons
   136 | D:1      | Reached XP level 2. HP: 5/16 MP: 4/4
   409 | D:1      | Reached XP level 3. HP: 20/20 MP: 5/5
   658 | D:1      | Reached skill level 7 in Ranged Weapons
   720 | D:1      | 720 ||| READING 2 scrolls labelled CEIKOM QAEHAE.
   721 | D:1      | 721 ||| READING scroll labelled URUJAU JISE.
   722 | D:1      | 722 ||| DROPPING scroll of butterflies.
   833 | D:2      | Reached XP level 4. HP: 25/25 MP: 6/6
  1196 | D:2      | Reached skill level 8 in Ranged Weapons
  1254 | D:2      | Reached XP level 5. HP: 28/29 MP: 7/7
  1357 | D:2      | Found a faded altar of an unknown god.
  1722 | D:2      | 1722 ||| UPGRADING to +0 ring mail.
  1732 | D:2      | 1732 ||| DROPPING +0 leather armour.
  1733 | D:2      | 1733 ||| READING scroll labelled CAKKEQYDGHE.
  1734 | D:2      | 1734 ||| READING scroll labelled EFOULAR MOYWI.
  1738 | D:2      | 1738 ||| READING 2 scrolls labelled SAUCESCH JISCH.
  1739 | D:2      | 1739 ||| READING 2 scrolls of identify.
  1739 | D:2      | 1739 ||| IDENTIFYING yellow potion
  1740 | D:2      | 1740 ||| DROPPING potion of attraction.
  1741 | D:2      | 1741 ||| DROPPING scroll of vulnerability.
  1776 | D:3      | Found a hide-covered altar of Uskayaw.
  1915 | D:3      | Identified the +6 dagger "Areki" {venom, Int+4}
  2027 | D:3      | Noticed Pargi
  2044 | D:3      | HP: 7/29 [Pargi (2)]
  2045 | D:3      | Killed Pargi
  2046 | D:3      | Reached skill level 9 in Ranged Weapons
  2227 | D:3      | Noticed Grinder
  2228 | D:3      | Paralysed by Grinder for 5 turns
  2238 | D:3      | HP: 4/29 [Grinder (5)]
  2238 | D:3      | HP: 1/29 [Grinder (3)]
  2239 | D:3      | Killed from afar by Grinder

Levels and vault maps discovered:
D:1:      reono_arrival_mine, layout_loops_ring
D:2:      minmay_chambers_of_twos, layout_loops_corners,
          shapermc_ecumenical_altar_mp_vishouse
D:3:      layout_basic, eat_drink_and_be_merry_uskayaw, uniq_pargi, uniq_grinder

Skill      XL: |  1  2  3  4  5 |
---------------+----------------+-----
Ranged Weapons | 6 7 8 9 |  9.5
Fighting       | |  1.5
Dodging        | |  2.4
Stealth        | |  1.2

Action                     |  1- 3 |  4- 6 || total
---------------------------+-------+-------++-------
   Fire: Shortbow          |   153 |    99 ||   252
    Use: Scroll            |     2 |     4 ||     6
 Armour: Leather armour    |    18 |     2 ||    20
         Ring mail         |       |    15 ||    15
  Dodge: Dodged            |    57 |    37 ||    94

Table legend:
 A = Non-vault XP
 B = Vault XP
 C = Vault XP percentage of total XP
 D = Non-vault monster count
 E = Vault monster count
 F = Vault count percentage of total count
                 A         B        C        D         E       F
            +---------+---------+-------+---------+---------+-------
      Total |     188 |     181 |  49.1 |      58 |       9 |  13.4
            +---------+---------+-------+---------+---------+-------
        D:1 |      71 |       0 |   0.0 |      31 |       0 |   0.0
        D:2 |      85 |      47 |  35.6 |      14 |       8 |  36.4
        D:3 |      32 |     134 |  80.7 |      13 |       1 |   7.1
            +---------+---------+-------+---------+---------+-------
